 Dungeon Crawl Stone Soup version 0.19-a0-1740-g0bcaf2e (webtiles) character file.

223094 Miyamura the Basher (level 18, -9/179 HPs)
             Began as a Troll Fighter on Oct 2, 2016.
             Was the Champion of Okawaru.
             Mangled by a frost giant
             ... wielding a +0 battleaxe of freezing
              (22 damage)
             ... on level 4 of the Shoals.
             The game lasted 01:44:26 (38318 turns).

Miyamura the Basher (Troll Fighter)                Turns: 38318, Time: 01:44:27

Health: -9/179     AC: 20    Str: 33      XL:     18   Next: 55%
Magic:  21/21      EV: 13    Int: 16      God:    Okawaru [******]
Gold:   313        SH: 14    Dex: 11 (12) Spells: 2 memorised, 19 levels left

rFire  + + +     SeeInvis +     Z - +11 hand crossbow of Subterfuge {flame, rN+++ Int+7 Dex+2 Stlth-}
rCold  . . .     Gourm    +     x - +3 fire dragon armour
rNeg   + + +     Faith    .     l - +1 shield {reflect}
rPois  +         Spirit   .     b - +1 hat {MR+}
rElec  .         Dismiss  .     H - +1 cloak {rF+}
rCorr  .         Reflect  +     (gloves unavailable)
MR     +++..     Harm     .     (boots unavailable)
Stlth  ..........               D - amulet of Pyofiydu {RegenMP rPois rN+ Stlth-}
                                K - ring of protection from cold
                                J - ring "Cehatath" {+Fly Str+4 SInv Stlth+}

@: very slightly contaminated, hasted, very quick
A: unfitting armour, claws 3, talons 1, camouflage 1, blink, deterioration 1,
fast metabolism 3, gourmand, magic resistance 1, mutation resistance 1, poison
resistance, regeneration 1, shaggy fur 1, tough skin 2
a: Blink, Heroism, Finesse, Renounce Religion, Evoke Flight
}: 1/15 runes: serpentine


You were on level 4 of the Shoals.
You worshipped Okawaru.
Okawaru was exalted by your worship.
You were completely stuffed.

You visited 7 branches of the dungeon, and saw 33 of its levels.
You visited 1 bazaar.
You also visited: Labyrinth and Volcano.

You collected 3487 gold pieces.
You spent 3174 gold pieces at shops.

Inventory:

Hand Weapons
 E - the +2 eveningstar of Balance {crush, *Noise rPois rN+ Int+3}
   (Okawaru gifted it to you on level 1 of the Shoals)

   It inflicts extra damage upon your enemies.
   It affects your intelligence (+3).
   It protects you from poison.
   It protects you from negative energy.
   It may make noises in combat.
 Z - the +11 hand crossbow of Subterfuge (weapon) {flame, rN+++ Int+7 Dex+2 Stlth-}
   (Okawaru gifted it to you on level 2 of the Lair of Beasts)

   It causes projectiles fired from it to burn those they strike, causing extra
   injury to most foes and up to half again as much damage against particularly
   susceptible opponents.
   It affects your intelligence (+7).
   It affects your dexterity (+2).
   It renders you almost immune to negative energy.
   It makes you less stealthy.
Missiles
 g - 26 large rocks
 v - 8 throwing nets
 y - 323 bolts (quivered)
Armour
 b - a +1 hat of magic resistance (worn)
 l - a +1 shield of reflection (worn)
 x - a +3 fire dragon armour (worn)
 H - a +1 cloak of fire resistance (worn)
Jewellery
 D - the amulet of Pyofiydu (around neck) {RegenMP rPois rN+ Stlth-}
   (You found it on level 10 of the Dungeon)

   [amulet of magic regeneration]

   It increases your magic regeneration.
   It protects you from poison.
   It protects you from negative energy.
   It makes you less stealthy.
 J - the ring "Cehatath" (left claw) {+Fly Str+4 SInv Stlth+}
   (You found it in a labyrinth)

   [ring of stealth]

   It affects your strength (+4).
   It lets you see invisible.
   It lets you fly.
   It makes you more stealthy.
 K - a ring of protection from cold (right claw)
 X - an uncursed ring of flight
Wands
 c - a wand of teleportation (1/9)
 i - a wand of paralysis (5/24)
 u - a wand of acid (9/15)
 A - a wand of hasting (2/9)
 B - a wand of heal wounds (3/9)
 G - a wand of paralysis (19/24)
Scrolls
 e - 10 scrolls of amnesia
 h - 6 scrolls of fear
 j - 5 scrolls of remove curse
 n - 4 scrolls of enchant weapon
 o - 5 scrolls of fog
 p - 4 scrolls of teleportation
 r - 6 scrolls of immolation
 C - a scroll of torment
 F - 2 scrolls of magic mapping
 N - a scroll of blinking
 S - a scroll of recharging
 W - 4 scrolls of holy word
Potions
 a - 13 potions of curing
 d - 2 potions of ambrosia
 q - 2 potions of heal wounds
 s - a potion of magic
 t - 3 potions of berserk rage
 w - 2 potions of agility
 z - 10 potions of lignification
 L - a potion of invisibility
 M - 6 potions of haste
 O - 2 potions of brilliance
 P - 3 potions of cure mutation {!q}
 Q - 5 potions of cancellation
 R - 8 potions of flight
 U - 2 potions of might
Books
 V - Roxanne's Tome of Earth
   (You took it off Roxanne on level 15 of the Dungeon)

   Spells                             Type                      Level
   a - Sandblast                      Earth                        1
   b - Passwall                       Transmutation/Earth          2
   c - Leda's Liquefaction            Hexes/Earth                  4
   d - Lee's Rapid Deconstruction     Earth                        5
   e - Statue Form                    Transmutation/Earth          6
Comestibles
 f - 24 bread rations
 k - 9 meat rations
 m - 20 fruits
 I - 13 chunks of flesh
 Y - 14 royal jellies


   Skills:
 + Level 11.5 Fighting
 - Level 12.5 Maces & Flails
 + Level 11.5 Crossbows
 - Level 6.1 Throwing
 + Level 9.3 Armour
 + Level 11.9 Dodging
 + Level 12.0 Shields
 - Level 3.1 Spellcasting
 - Level 4.0 Translocations


You had 19 spell levels left.
You knew the following spells:

 Your Spells              Type           Power        Failure   Level  Hunger
b - Blink                 Tloc           N/A          12%         2    ##.....
S - Swiftness             Chrm/Air       #.......     65%         2    ##.....


Dungeon Overview and Level Annotations

Branches:
Dungeon (15/15)            Temple (1/1) D:5            Lair (6/6) D:8
 Shoals (4/4) Lair:2        Snake (4/4) Lair:3        Slime (0/5) Lair:6
    Orc (2/2) D:10            Elf (0/3) Orc:2        Vaults (0/5) D:14
 Depths (1/5) D:15

Altars:
Ashenzari
Cheibriados
Dithmenos
Elyvilon
Fedhas
Gozag
Hepliaklqana
Kikubaaqudgha
Makhleb
Nemelex Xobeh
Okawaru
Qazlal
Ru
Sif Muna
Trog
Uskayaw
Vehumet
Xom
Yredelemnul
Zin
The Shining One
Beogh
Jiyva

Shops:
D:5 *   D:11 }   Orc:2 !}[!   Snake:2 }}=   Snake:4 [


Innate Abilities, Weirdness & Mutations

You are too large for most types of armour.
You have claws for hands.
Your metabolism is lightning-fast.
You like to eat raw meat.
Your natural rate of healing is unusually fast.
You are covered in fur. (AC +1)
You have very tough skin. (AC +2)
You have sharp toenails.
Your skin changes colour to match your surroundings (Stealth+).
You can translocate small distances at will.
Your body sometimes deteriorates upon taking damage.
You are resistant to hostile enchantments. (MR+)
You are somewhat resistant to further mutation.
Your system is resistant to poisons. (rPois)


Message History

Okay, then.
Evoke which item? (* to show all) (? for menu, Esc to quit)
Zapping:
G - a wand of paralysis (19/24)
Press: ? - help, Shift-Dir - straight line, f/p - frost giant
Aim: a frost giant, wielding a battleaxe of freezing (heavily wounded, chance to defeat MR: 6%)
Okay, then.
Okay, then.
You fail to use your ability.
The frost giant casts a spell at you. The bolt of cold hits you!
* * * LOW HITPOINT WARNING * * *
Evoke which item? (* to show all) (? for menu, Esc to quit)
Zapping:
A - a wand of hasting (3/9)
Press: ? - help, Shift-Dir - straight line, f - you, p - frost giant You feel yourself speed up.
You are very lightly contaminated with residual magic.
This wand has 2 charges left.
You are engulfed in freezing vapours.
* * * LOW HITPOINT WARNING * * *
The frost giant hits you with a battleaxe of freezing!!
You die...

............≈≈≈≈≈≈≈≈≈,,,,****≈≈≈#
..........≈≈≈≈≈≈≈≈≈≈≈..(,*≈*≈≈***
............≈≈≈≈≈≈≈....(,**≈≈**
.............≈≈≈≈≈......,**######
.........S...≈≈≈≈.......,,,......
≈≈≈...≈((....≈≈≈≈.((.............
≈≈≈≈≈.≈......≈≈≈≈((.......≈.....<
≈≈≈≈≈..≈)....≈≈(≈C(.....≈≈≈......
≈≈≈≈≈........≈)≈@≈(((≈≈(≈≈.......
≈≈≈≈..#......≈≈§†##≈##≈#≈≈.......
≈≈≈≈..#......≈§))#*****#≈≈......[
≈≈≈≈.....≈..≈§≈###,≈**,,*#.......
≈≈≈≈≈....)≈≈≈≈≈.#,,,≈,,,##≈....).
≈≈≈≈≈≈≈≈≈≈≈≈≈≈≈##*,*,*,,#≈≈......
≈≈≈≈≈≈≈≈≈≈≈(≈≈≈≈#*≈,,,≈*#≈≈...≈≈≈
≈≈≈≈≈≈≈≈≈(m≈≈≈≈.#*,*,*,≈##≈...≈≈≈
≈≈≈≈≈≈≈≈≈≈≈≈≈≈≈##,,,≈,,,*#...≈≈≈≈


You could see a frost giant, a merfolk impaler (wandering) and a sea snake
(wandering).

Vanquished Creatures
  Nikola (Snake:1)
  Jorgrun (Snake:4)
  The ghost of Iwannabefree the Fencer, an adept DsSk of Ru (Snake:4)
  Gastronok (D:7)
  Kirke (D:15)
  Roxanne (D:15)
  11 nagarajas
  Donald (Shoals:1)
  An orc warlord (Orc:1)
  Aizul (Snake:2)
  Nessos (Orc:2)
  3 merfolk javelineers
  An ettin (Orc:2)
  A minotaur (Lab)
  A fire dragon (Volcano)
  4 merfolk impalers
  2 catoblepae
  19 naga warriors
  5 centaur warriors
  7 hydras
  22 anacondas
  A merfolk aquamancer (Shoals:1)
  3 merfolk avatars
  2 dancing weapons (D:14)
  5 death yaks
  3 ogre magi
  A tengu warrior (D:15)
  8 shock serpents
  A deep troll shaman (Lair:6)
  21 naga sharpshooters
  A salamander mystic (Snake:2)
  3 unseen horrors
  A lindwurm (Lair:6)
  An unseen horror (shapeshifter) (D:15)
  7 naga ritualists
  An orc knight (Orc:2)
  5 mana vipers
  9 hill giants
  11 ugly things
  9 orc sorcerers
  9 harpies
  3 cyclopes
  11 manticores
  9 salamanders
  9 fauns (Shoals:1)
  2 elephants (Lair:6)
  21 black mambas
  10 sirens
  5 centaur zombies
  14 guardian serpents
  13 naga magi
  5 gargoyles
  2 torpor snails
  3 water nymphs
  9 spiny frogs
  A rime drake (Lair:5)
  A yaktaur (D:15)
  An efreet (D:14)
  7 komodo dragons
  15 trolls
  A tengu conjurer (D:14)
  A queen bee (Lair:2)
  3 meliai (D:15)
  37 merfolk
  5 polar bears
  Prince Ribbit (D:6)
  Grinder (D:3)
  21 blink frogs
  3 two-headed ogres
  2 wind drakes (Shoals:3)
  7 dream sheep
  8 snapping turtles
  8 hippogriffs
  An air elemental (Orc:2)
  6 water elementals
  2 shadows
  12 yaks
  2 wraiths
  4 spriggans
  2 vampires
  A wyvern (Lair:4)
  Eustachio (D:5)
  A yak (shapeshifter) (D:14)
  8 fire bats (Volcano)
  3 basilisks
  3 vampire mosquitoes (D:14)
  3 hogs (D:15)
  4 mottled dragons
  A warg (Orc:1)
  53 nagas
  10 water moccasins
  A hell hound (Volcano)
  10 porcupines
  2 ice beasts
  An eye of draining (D:15)
  A phantom (D:9)
  7 sky beasts
  27 orc warriors
  A wasp (D:11)
  22 ogres
  4 necrophages
  17 wolves
  11 centaurs
  11 crocodiles
  4 big kobolds
  Blork the orc (D:5)
  A gnoll sergeant (D:6)
  24 bullfrogs
  A wyvern skeleton (D:14)
  5 scorpions
  24 killer bees
  14 wights
  2 electric eels (Lair:6)
  3 howler monkeys
  12 crimson imps
  2 bullfrog zombies (D:12)
  2 jellies
  8 centaur skeletons
  5 hounds
  2 bullfrog skeletons (D:6)
  22 orc priests
  34 orc wizards
  Crazy Yiuf (D:7)
  8 iguanas
  16 worker ants
  2 hound zombies
  2 worker ant zombies
  7 adders
  3 gnolls (D:6)
  18 river rats
  4 shadow imps
  4 oozes
  An adder zombie (D:6)
  4 adder skeletons
  4 worms
  7 leopard geckos
  75 orcs
  3 giant cockroaches
  9 goblins
  8 hobgoblins
  21 jackals
  10 quokkas
  10 bats
  3 frilled lizards
  27 kobolds
  8 rats
  2 fungi
  4 plants
1086 creatures vanquished.

Vanquished Creatures (others)
  Vashnia (Snake:4)
  Rupert (Snake:1)
  2 merfolk javelineers (Shoals:3)
  A yaktaur captain (D:15)
  A centaur warrior (D:14)
  5 naga sharpshooters
  A naga ritualist (Snake:4)
  3 fauns
  2 cyclopes
  A merfolk (Shoals:3)
  2 dream sheep (Shoals:4)
  A human (D:15)
  3 nagas
  An orc wizard (Orc:2)
  A kobold (D:14)
  3 fungi
  5 plants
34 creatures vanquished.

Grand Total: 1120 creatures vanquished

Notes
Turn   | Place    | Note
-------+----------+-------------------------------------------
     0 | D:1      | Miyamura the Troll Fighter began the quest for the Orb.
     0 | D:1      | Reached XP level 1. HP: 22/22 MP: 0/0
   132 | D:1      | Reached XP level 2. HP: 27/29 MP: 1/1
   723 | D:1      | Reached XP level 3. HP: 33/36 MP: 2/2
   930 | D:2      | Reached XP level 4. HP: 27/44 MP: 3/3
  1302 | D:2      | Found a sparkling altar of Nemelex Xobeh.
  1708 | D:3      | Found a basalt altar of Yredelemnul.
  1786 | D:3      | Noticed Grinder
  1797 | D:3      | Gained mutation: You can translocate small distances at will. [potion of mutation]
  1797 | D:3      | Gained mutation: You are somewhat resistant to further mutation. [potion of mutation]
  1803 | D:3      | Reached XP level 5. HP: 49/53 MP: 4/4
  1812 | D:3      | Killed Grinder
  1812 | D:3      | Reached XP level 6. HP: 61/61 MP: 5/5
  2787 | D:5      | Entered Level 5 of the Dungeon
  2798 | D:5      | Reached XP level 7. HP: 41/68 MP: 6/6
  2985 | D:5      | Noticed Blork the orc
  3005 | D:5      | Killed Blork the orc
  3120 | D:5      | Found a staircase to the Ecumenical Temple.
  3120 | D:5      | Noticed Eustachio
  3121 | D:5      | Found Japlayt's General Store.
  3129 | Temple   | Entered the Ecumenical Temple
  3406 | D:5      | Reached skill level 5 in Maces & Flails
  3540 | D:5      | Killed Eustachio
  3668 | D:5      | Bought a scroll of enchant weapon for 90 gold pieces
  3668 | D:5      | Bought a scroll of fear for 42 gold pieces
  3668 | D:5      | Bought a scroll of fog for 24 gold pieces
  3668 | D:5      | Bought a potion of might for 48 gold pieces
  3668 | D:5      | Bought a potion of might for 48 gold pieces
  3726 | D:5      | Reached XP level 8. HP: 70/78 MP: 7/7
  4387 | D:6      | Found an opulent altar of Gozag.
  4387 | D:6      | Noticed Prince Ribbit
  4398 | D:6      | Killed Prince Ribbit
  4449 | D:6      | Found an ancient bone altar of Kikubaaqudgha.
  4480 | D:6      | Reached skill level 5 in Dodging
  4480 | D:6      | Reached skill level 5 in Shields
  4492 | D:6      | Found a shattered altar of Ashenzari.
  4687 | D:6      | Noticed a moth of wrath
  4729 | D:6      | Found a bloodstained altar of Trog.
  5012 | D:7      | Reached XP level 9. HP: 75/87 MP: 8/8
  5243 | D:7      | Noticed a seven-headed hydra
  5269 | D:7      | Reached skill level 5 in Fighting
  5413 | D:6      | Noticed a troll
  5413 | D:6      | Noticed a manticore
  5414 | D:6      | Noticed an ogre mage
  5414 | D:6      | Noticed a hill giant
  5998 | D:7      | Found a runed door.
  6063 | D:7      | HP: 1/88 [seven-headed hydra (9)]
  6630 | D:7      | Noticed Crazy Yiuf
  6636 | D:7      | Killed Crazy Yiuf
  6748 | D:8      | Noticed Gastronok
  6772 | D:8      | Reached XP level 10. HP: 95/98 MP: 9/9
  7295 | D:6      | Killed a manticore
  7334 | D:6      | Killed a hill giant
  7443 | D:6      | Killed an ogre mage
  7713 | D:7      | Killed Gastronok
  7713 | D:7      | Reached skill level 10 in Maces & Flails
  7713 | D:7      | Reached XP level 11. HP: 37/107 MP: 10/10
  8089 | D:9      | Found a glowing golden altar of the Shining One.
  8095 | D:9      | Found an iron altar of Okawaru.
  8096 | D:9      | Found a glowing silver altar of Zin.
  8096 | D:9      | Found a stormy altar of Qazlal.
  8096 | D:9      | Found a hide-covered altar of Uskayaw.
  8097 | D:9      | Found a shadowy altar of Dithmenos.
  8104 | D:9      | Became a worshipper of Warmaster Okawaru
  8769 | D:10     | Entered Level 10 of the Dungeon
  8836 | D:10     | Reached * piety under Okawaru
  9193 | D:10     | Got a vibrating diamond amulet
  9228 | D:10     | Identified the amulet of Pyofiydu {RegenMP rPois rN+ Stlth-} (You found it on level 10 of the Dungeon)
  9307 | D:10     | Found a staircase to the Orcish Mines.
  9724 | D:10     | Gained mutation: Your system is resistant to poisons. (rPois) [mutagenic meat]
  9785 | Orc:1    | Entered Level 1 of the Orcish Mines
  9785 | Orc:1    | Found a dark tunnel.
  9797 | Volcano  | Entered a volcano
  9934 | Volcano  | Reached ** piety under Okawaru
  9966 | Volcano  | Noticed a fire dragon
  9982 | Volcano  | Killed a fire dragon
 10220 | Orc:1    | Found a roughly hewn altar of Beogh.
 10242 | D:10     | Reached *** piety under Okawaru
 10435 | Orc:1    | Reached skill level 1 in Armour
 10761 | Orc:1    | Noticed an orc sorcerer
 10764 | Orc:1    | Noticed an orc warlord
 10795 | Orc:1    | Noticed a soul eater
 10917 | D:10     | Killed an orc sorcerer
 10939 | D:10     | Reached **** piety under Okawaru
 11069 | Orc:1    | Found a burning altar of Makhleb.
 11167 | Orc:2    | Entered Level 2 of the Orcish Mines
 11176 | Orc:2    | Found a labyrinth entrance.
 11185 | Lab      | Entered a labyrinth
 11287 | Lab      | Noticed a minotaur
 11296 | Lab      | Killed a minotaur
 11296 | Lab      | Reached XP level 12. HP: 119/119 MP: 11/11
 11344 | Lab      | Got a glittering bone ring
 11346 | Lab      | Identified the ring "Cehatath" {+Fly Str+4 SInv Stlth+} (You found it in a labyrinth)
 11357 | Lab      | Identified a -2 rod of inaccuracy (9/9) (You found it in a labyrinth)
 11599 | Orc:2    | Noticed an ettin
 11608 | Orc:2    | Killed an ettin
 11787 | Orc:2    | Reached ***** piety under Okawaru
 11860 | Orc:2    | Found a staircase to the Elven Halls.
 11874 | Orc:2    | Noticed Nessos
 11887 | Orc:2    | Killed Nessos
 12195 | Orc:2    | Gained mutation: Your body sometimes deteriorates upon taking damage. [a neqoxec]
 12222 | Orc:2    | Found Evor's Distillery.
 12228 | Orc:2    | Lost intelligence.
 12233 | Orc:2    | Received a gift from Okawaru
 12292 | Orc:2    | Bought a potion of haste for 110 gold pieces
 12292 | Orc:2    | Bought a potion of haste for 110 gold pieces
 12292 | Orc:2    | Bought a potion of brilliance for 44 gold pieces
 12292 | Orc:2    | Bought a potion of lignification for 33 gold pieces
 12292 | Orc:2    | Bought a potion of cure mutation for 275 gold pieces
 12292 | Orc:2    | Bought a potion of cancellation for 88 gold pieces
 12292 | Orc:2    | Bought a potion of curing for 33 gold pieces
 12292 | Orc:2    | Bought a potion of curing for 33 gold pieces
 12292 | Orc:2    | Bought 2 potions of lignification for 66 gold pieces
 12292 | Orc:2    | Bought 2 potions of berserk rage for 110 gold pieces
 12571 | Orc:2    | Found Bajuc's Gadget Emporium.
 12581 | Orc:2    | Noticed an ogre mage
 12591 | Orc:2    | Killed an ogre mage
 12609 | Orc:2    | Found a radiant altar of Vehumet.
 12611 | Orc:2    | Noticed an ogre mage
 12661 | Orc:2    | Killed an ogre mage
 12834 | Orc:2    | Found an ancient bone altar of Kikubaaqudgha.
 12903 | Orc:2    | Found a roughly hewn altar of Beogh.
 12903 | Orc:2    | Found Orghevupt's Antique Armour Emporium.
 12955 | Orc:2    | Bought a runed shield for 180 gold pieces
 12975 | Orc:2    | Found Giemevvyon's Distillery.
 12983 | Orc:2    | Bought a potion of flight for 45 gold pieces
 12983 | Orc:2    | Bought a potion of curing for 45 gold pieces
 12983 | Orc:2    | Bought a potion of mutation for 37 gold pieces
 12983 | Orc:2    | Bought a potion of curing for 45 gold pieces
 12983 | Orc:2    | Bought a potion of heal wounds for 75 gold pieces
 12983 | Orc:2    | Bought a potion of resistance for 150 gold pieces
 12983 | Orc:2    | Bought a potion of lignification for 45 gold pieces
 12983 | Orc:2    | Bought a potion of might for 60 gold pieces
 12984 | Orc:2    | Gained mutation: You have sharp toenails. [potion of mutation]
 13237 | Orc:1    | Killed an orc warlord
 13425 | D:11     | Reached XP level 13. HP: 130/130 MP: 12/12
 13699 | D:11     | Found a stormy altar of Qazlal.
 13861 | D:11     | Received a gift from Okawaru
 14147 | D:11     | Found Yxtek's Gadget Shop.
 14150 | D:11     | Bought a wand of polymorph (10/24) for 168 gold pieces
 14664 | D:12     | Reached skill level 5 in Armour
 15275 | D:13     | Reached ****** piety under Okawaru
 16432 | D:8      | Found a staircase to the Lair.
 16521 | D:8      | Found a deep blue altar of Sif Muna.
 16641 | Lair:1   | Entered Level 1 of the Lair of Beasts
 17915 | Lair:2   | Found a shattered altar of Ashenzari.
 18412 | Lair:2   | Received a gift from Okawaru
 18415 | Lair:2   | Got a polished hand crossbow {god gift}
 18416 | Lair:2   | Identified the +11 hand crossbow of Subterfuge {flame, rN+++ Int+7 Dex+2 Stlth-} (Okawaru gifted it to you on level 2 of the Lair of Beasts)
 18606 | D:7      | Reached skill level 1 in Crossbows
 18606 | D:7      | Reached XP level 14. HP: 141/141 MP: 13/13
 19621 | Lair:2   | Found a staircase to the Shoals.
 20069 | Lair:3   | Found a staircase to the Snake Pit.
 20537 | Lair:3   | Received a gift from Okawaru
 21526 | Lair:4   | Reached skill level 5 in Crossbows
 22907 | Lair:6   | Entered Level 6 of the Lair of Beasts
 23005 | Lair:6   | Found a viscous altar of Jiyva.
 23005 | Lair:6   | Found a staircase to the Slime Pits.
 23043 | Lair:6   | Received a gift from Okawaru
 23046 | Lair:6   | Got a twisted mace {god gift}
 23063 | Lair:6   | Identified the +6 mace "Ugycaoki" {crush, Dex+6} (Okawaru gifted it to you on level 6 of the Lair of Beasts)
 24636 | D:14     | Found a sacrificial altar of Ru.
 24674 | D:14     | Learned a level 2 spell: Blink
 24683 | D:14     | Received a gift from Okawaru
 24784 | D:14     | Reached XP level 15. HP: 131/149 MP: 14/14
 25144 | D:14     | Found a gate to the Vaults.
 25557 | D:15     | Entered Level 15 of the Dungeon
 25592 | D:15     | Noticed Kirke
 25604 | D:15     | Killed Kirke
 25703 | D:15     | Noticed Roxanne
 25718 | D:15     | Killed Roxanne
 25722 | D:15     | Identified Roxanne's Tome of Earth (You took it off Roxanne on level 15 of the Dungeon)
 25838 | D:15     | Gained mutation: Your skin changes colour to match your surroundings (Stealth+). [mutagenic meat]
 26171 | D:15     | Gained mutation: You are resistant to hostile enchantments. (MR+) [potion of beneficial mutation]
 26292 | D:15     | Reached skill level 10 in Crossbows
 26309 | D:15     | Received a gift from Okawaru
 26499 | D:15     | Found a staircase to the Depths.
 26913 | Depths:1 | Entered Level 1 of the Depths
 27177 | Snake:1  | Entered Level 1 of the Snake Pit
 27216 | Snake:1  | Noticed Nikola
 27229 | Snake:1  | Killed Nikola
 27765 | Snake:1  | Received a gift from Okawaru
 27767 | Snake:1  | Noticed Rupert
 27777 | Snake:1  | Killed Rupert
 27953 | Snake:2  | Noticed Aizul
 27964 | Snake:2  | Killed Aizul
 27964 | Snake:2  | Reached skill level 10 in Dodging
 27964 | Snake:2  | Reached XP level 16. HP: 115/157 MP: 15/15
 28048 | Snake:2  | Reached skill level 10 in Shields
 28221 | Snake:2  | Identified Uleid's Almanac of Igneous Transmutation
 28283 | Snake:2  | Found Awkaf's Gadget Shoppe.
 28286 | Snake:2  | Found Nooffad's Jewellery Shop.
 28287 | Snake:2  | Found Byegg's Gadget Shoppe.
 28292 | Snake:2  | Bought a wand of heal wounds (1/9) for 600 gold pieces
 28304 | Snake:2  | Bought a wand of hasting (3/9) for 504 gold pieces
 28335 | Snake:2  | Received a gift from Okawaru
 28375 | Snake:2  | Reached skill level 10 in Fighting
 28817 | Snake:2  | Received a gift from Okawaru
 28817 | Snake:2  | Reached skill level 1 in Throwing
 28909 | Snake:2  | Found a shimmering altar of Xom.
 30541 | Snake:2  | Got a faintly glowing flail
 30542 | Snake:2  | Identified the +0 flail of Extermination {pain, rF- MR+ Int+2 Dex+3} (You found it on level 2 of the Snake Pit)
 30691 | Snake:4  | Entered Level 4 of the Snake Pit
 30899 | Snake:4  | Noticed Iwannabefree's ghost (adept DsSk)
 30916 | Snake:4  | Killed Iwannabefree's ghost
 30930 | Snake:4  | Noticed Vashnia
 30948 | Snake:4  | Killed Vashnia
 31814 | Snake:4  | Received a gift from Okawaru
 31814 | Snake:4  | Reached XP level 17. HP: 133/167 MP: 16/16
 31942 | Snake:4  | Received a gift from Okawaru
 31980 | Snake:4  | Noticed Jorgrun
 31989 | Snake:4  | Killed Jorgrun
 32204 | Snake:4  | Found Heocs's Armour Shoppe.
 32285 | Snake:4  | Reached skill level 5 in Throwing
 33569 | Snake:4  | Received a gift from Okawaru
 33985 | Snake:4  | Reached skill level 1 in Translocations
 34018 | Snake:4  | Reached skill level 1 in Spellcasting
 34325 | Snake:4  | Got a serpentine rune of Zot
 34712 | Shoals:1 | Entered Level 1 of the Shoals
 34823 | Shoals:1 | Received a gift from Okawaru
 34913 | Shoals:1 | Got an ancient eveningstar {god gift}
 34970 | Shoals:1 | Identified the +2 eveningstar of Balance {crush, *Noise rPois rN+ Int+3} (Okawaru gifted it to you on level 1 of the Shoals)
 35214 | Shoals:1 | Reached XP level 18. HP: 179/179 MP: 20/20
 35977 | Shoals:1 | Noticed Donald
 35989 | Shoals:1 | Killed Donald
 37391 | Shoals:3 | Learned a level 2 spell: Swiftness
 37495 | Shoals:4 | Entered Level 4 of the Shoals
 37508 | Shoals:4 | Found a flickering gateway to a bazaar.
 37522 | Bazaar   | Entered a bazaar
 37554 | Bazaar   | Found Nikhlaxo's Book Shop.
 37590 | Bazaar   | Found Ybulueh's Gadget Boutique.
 37590 | Bazaar   | Found Reopaonae's General Store.
 37617 | Bazaar   | Found Nacaud's Weapon Boutique.
 37657 | Bazaar   | Bought a potion of curing for 33 gold pieces
 37657 | Bazaar   | Bought a scroll of teleportation for 33 gold pieces
 37711 | Shoals:4 | Received a gift from Okawaru
 37721 | Shoals:4 | Got an ichor-stained storm dragon armour {god gift}
 37886 | Shoals:4 | Identified the +0 storm dragon armour "Bohaf" {+Inv rElec rN+ Str+3} (Okawaru gifted it to you on level 4 of the Shoals)
 38318 | Shoals:4 | Mangled by a frost giant

Vault maps used:
D:1:      minmay_arrival_stone_box, roderic_serpentine_path
D:2:      overflow_temple_1_default
D:3:      marbit_many_paths, minmay_misc_feat_tower, guppyfry_early_orc_mine,
          uniq_grinder
D:4:      first_bread
D:5:      serial_shops, shop_coins, uniq_eustachio, uniq_blork_the_orc
D:6:      minmay_klotski, kiku_gazebo_pond_becter, lemuel_round_altar,
          nicolae_overflow_crystal_walls, tgw_trog, uniq_prince_ribbit1
D:7:      minivault_24, the_bakery, kennysheep_generic_room_9,
          uniq_crazy_yiuf_cottage
D:8:      lemuel_round_altar, lair_0_dummy, uniq_gastronok
D:9:      grunt_temple_overflow_open
D:10:     orc_0_dummy
D:11:     serial_shops, kennysheep_mini, nicolae_qazlal_general_emergency
D:14:     erik_vaults_1, nicolae_ru_sacrificial_ziggurat, serial_park_tiny_pond
D:15:     grunt_enter_depths_snipers, special_room, uniq_roxanne, uniq_kirke
Temple:   jpeg_temple_island
Lair:1:   grunt_megastairs_5
Lair:2:   minmay_shoals_entry_hut, basic_altar, special_room,
          grunt_megastairs_1, infiniplex_staircase_pool_2
Lair:3:   minmay_snake_entry_guardpost_small, wad_woods_02
Lair:4:   beast_lair_carwin_4, lemuel_fruit_tree, serial_bayou_shore_b,
          lemuel_fruit_fields
Lair:6:   grunt_lair_end_beastmaster, dpeg_slime_entry_enclosed_altar,
          serial_bayou_shore_a
Shoals:1: nicolae_shoals_wave_tunnel, uniq_donald
Shoals:3: ldierk_geyser
Shoals:4: shoals_end_grunt_ice, shoal_ilsuiw, serial_shops, freezing_bzr,
          lemuel_centaur_altar
Snake:1:  serial_bayou_shore_b, uniq_nikola, uniq_rupert
Snake:2:  basic_altar, serial_bayou_pond_e, minmay_shop_grove, uniq_aizul
Snake:4:  grunt_snake_rune_serpentine_throne, serial_shops, shop, uniq_vashnia,
          uniq_jorgrun
Orc:1:    basic_altar, enter_volcano_2, bloody_makhleb
Orc:2:    kennysheep_orc_mage_school, lab_entry_generic, uniq_nessos
Depths:1: minmay_distorted_concentric_squares, pf_hell_entry_tar_spiral,
          serial_shops, shop_fountains, serial_sigils_hangedman_scar,
          minmay_pinched_square
Lab:      labyrinth_hidden_loot, nicolae_lab_do_over, nicolae_lab_garden,
          labyrinth_glass_1, nicolae_lab_very_dead_end, nicolae_lab_starburst,
          nicolae_lab_diamond, nicolae_lab_dead_end, nicolae_lab_quarters
Bazaar:   bazaar_jpeg_ribbon
Volcano:  volcano_pools

Skill      XL: |  1  2  3  4  5  6  7  8  9 10 11 12 13 14 15 16 17 18 |
---------------+-------------------------------------------------------+-----
Maces & Flails | 2 3 4 5 6 8 10 11 12 | 12.5
Dodging        | 3 4 5 6 7 8 9 10 11 | 11.9
Shields        | 3 4 5 6 8 9 10 11 12 | 12.0
Fighting       | 3 4 5 6 7 8 9 10 11 | 11.5
Armour         | 2 4 6 7 8 9 |  9.3
Crossbows      | 1 8 11 | 11.5
Throwing       | 4 6 |  6.1
Translocations | 3 4 |  4.0
Spellcasting   | 2 3 |  3.1

Action                   |  1- 3 |  4- 6 |  7- 9 | 10-12 | 13-15 | 16-18 || total
-------------------------+-------+-------+-------+-------+-------+-------++-------
Melee: Flail             |   129 |   222 |   405 |       |       |       ||   756
       Morningstar       |       |       |   130 |   867 |   551 |       ||  1548
       Kick              |       |       |       |    10 |   211 |       ||   221
       Hand crossbow     |       |       |       |       |     7 |       ||     7
 Fire: Hand crossbow     |       |       |       |       |   902 |  1385 ||  2287
 Cast: Blink             |       |       |       |       |       |     1 ||     1
Invok: Heroism           |       |       |       |     1 |     1 |     8 ||    10
       Finesse           |       |       |       |       |       |     5 ||     5
Evoke: Wand              |       |       |     6 |     7 |       |     1 ||    14
  Use: Potion            |       |     4 |     4 |    10 |     7 |       ||    25
       Scroll            |       |       |    18 |     6 |    12 |    20 ||    56
 Stab: Sleeping          |       |     2 |       |       |       |       ||     2
       Paralysed         |       |       |       |     4 |       |       ||     4
  Eat: Chunk             |    12 |    16 |    40 |    71 |   115 |    79 ||   333
       Beef jerky        |       |       |       |       |     6 |     6 ||    12
       Pizza             |       |       |       |       |     3 |       ||     3
       Fruit             |       |       |       |       |     1 |       ||     1
       Royal jelly       |       |       |       |       |       |     3 ||     3
       Meat ration       |       |       |       |       |       |     2 ||     2
Armor: Robe              |    70 |    77 |   154 |    19 |       |       ||   320
       Skin              |       |    20 |       |       |       |       ||    20
       Troll hide        |       |       |       |    59 |       |       ||    59
       Fire dragon armou |       |       |       |   153 |   360 |   212 ||   725
Dodge: Dodged            |    66 |    94 |   243 |   320 |   416 |   294 ||  1433
Block: Shield            |    76 |   141 |   313 |   362 |   674 |   546 ||  2112
       Large shield      |       |       |       |   299 |       |       ||   299
       Reflection        |       |       |       |     1 |    33 |   159 ||   193
